 Dungeon Crawl Stone Soup version 0.28-a0-429-g1448048969 (webtiles) character file.

Game seed: 13537012181615942728

103 robertstho the Magician (level 5, 0/37 HPs)
             Began as a Djinni Fire Elementalist on Sept 10, 2021.
             Slain by a white imp (1 damage)
             ... summoned by Natasha
             ... on level 2 of the Dungeon.
             The game lasted 00:02:12 (1881 turns).

robertstho the Magician (Djinni Fire Elementalist)  Turns: 1881, Time: 00:02:12

Health: 0/37       AC:  2    Str:  7    XL:     5   Next: 6%
Gold:   48         EV: 12    Int: 17    God:
                   SH:  0    Dex: 14

rFire   + + .      SeeInvis .   c - +0 dagger
rCold   x . .      Faith    .   (no shield)
rNeg    . . .      Spirit   .   a - +0 robe
rPois   ∞          Reflect  .   (no helmet)
rElec   .          Harm     .   (no cloak)
rCorr   .          Rampage  .   (no gloves)
Will    .....                   (boots unavailable)
Stlth   ++........              (no amulet)
HPRegen 0.12/turn               (no ring)
MPRegen 0.00/turn               (no ring)

@: flying, slowed, very slow
A: sickness immunity, fire resistance 2, cold vulnerability 1, float, innate
caster, hp casting, extra vitality 1
a: no special abilities


You were on level 2 of the Dungeon.
You visited 1 branch of the dungeon, and saw 2 of its levels.

You collected 48 gold pieces.

Inventory:

Hand Weapons
 c - a +0 dagger (weapon)
Armour
 a - a +0 robe (worn)
Jewellery
 f - an amulet of regeneration
Scrolls
 b - a scroll of vulnerability {unknown}
 d - a scroll of summoning {unknown}
 h - a scroll of identify {unknown}


   Skills:
 * Level 1.3 Fighting
 + Level 2.4 Dodging
 + Level 1.8 Stealth
 * Level 3.8 Spellcasting


You couldn't memorise any spells.
You knew the following spells:

 Your Spells              Type           Power      Damage    Failure   Level
a - Foxfire               Conj/Fire      64%        2x1d7     3%          1
b - Scorch                Fire           32%        2d6       4%          2
c - Conjure Flame         Conj/Fire      16%        6-21      10%         3
d - Inner Flame           Hex/Fire       16%        N/A       10%         3
e - Flame Wave            Conj/Fire      16%        3d5       32%         4
f - Apportation           Tloc           32%        N/A       3%          1
g - Passwall              Tmut/Erth      13%        N/A       4%          2
Your spell library was empty.

Dungeon Overview and Level Annotations

Branches:
Dungeon (2/15)

Altars:

Annotations:
D:2 Natasha


Innate Abilities, Weirdness & Mutations

You are immune to sickness and miasma.
You are immune to poison.
Your flesh is very heat resistant. (rF++)
You are vulnerable to cold. (rC-)
You float through the air rather than walking.
You learn spells naturally, not from books.
Your magical power is your life essence.
You have superior vitality. (+4 HP)


Message History

* * * LOW HITPOINT WARNING * * *
You aren't carrying any items that you can evoke.
It was a potion of ambrosia.
You are confused.
You feel invigorated. Natasha barely misses you. Natasha casts a spell at you.
You feel yourself slow down.
Natasha is no longer more vulnerable to fire.
Natasha extends her claws.
Natasha barely misses you.
Your magical contamination has completely faded away.
Natasha barely misses you.
You bump into the rock wall.
You feel less invigorated.
You feel less confused. Natasha barely misses you.
Natasha mumbles some strange words.
You feel troubled.
Natasha mumbles some strange words.
You closely miss Natasha.
Natasha is severely wounded.
Natasha closely misses you.
You hit Natasha.
Natasha is severely wounded.
The white imp misses you. Natasha claws you. The white imp hits you.
The white imp freezes you.
You feel a terrible chill! Natasha claws you!
You hit Natasha.
Natasha is almost dead.
Natasha casts a spell at you. The magic dart hits you.
* * * LOW HITPOINT WARNING * * *
The white imp hits you.
* * * LOW HITPOINT WARNING * * *
The white imp freezes you.
You feel a terrible chill!
* * * LOW HITPOINT WARNING * * *
Casting: Scorch (safe; 4% risk of failure)
Confirm with . or Enter, or press ? or * to list all spells.
You conjure some foxfire!
* * * LOW HITPOINT WARNING * * *
The white imp hits you.
You die...

#..## ###### #..###....#
######........#### ##
#................## #.
#.............##..### #. .
#......(......###...# #.
...#.............#...#...#####.
.#...........vh5.#.#####.......
.........##...@v...# #####.
.##...##..†.#.##..## #.
#..#.........##..## ####. ...
###....#####...# ##....
.#####.............#######..##.
...^.....................####
#.†..........................
.h.......†.........†.÷.......
....................†########


You could see Natasha (ally target) and a white imp (summoned).

Vanquished Creatures
  Natasha (twice) (D:2)
  2 adders (D:2)
  A dart slug (D:2)
  A ball python (D:2)
  3 bats
  An endoplasm (D:2)
  2 giant cockroaches (D:2)
  A goblin (D:2)
  4 hobgoblins
  10 jackals (D:1)
  3 kobolds
30 creatures vanquished.

Vanquished Creatures (others)
  142 foxfires
142 creatures vanquished.

Grand Total: 172 creatures vanquished

Notes
Turn   | Place    | Note
-------+----------+-------------------------------------------
     0 | D:1      | robertstho the Djinni Fire Elementalist began the quest for
                  | the Orb.
     0 | D:1      | Reached XP level 1. HP: 15/15 MP: 0/0
   302 | D:1      | Reached XP level 2. HP: 9/21 MP: 0/0
   692 | D:1      | Found a faded altar of an unknown god.
   939 | D:1      | Reached skill level 3 in Spellcasting
   982 | D:1      | Reached XP level 3. HP: 20/26 MP: 0/0
   982 | D:1      | Learned a level 1 spell: Apportation
  1515 | D:2      | Reached skill level 1 in Fighting
  1525 | D:2      | Noticed Natasha
  1531 | D:2      | Killed Natasha
  1532 | D:2      | Reached XP level 4. HP: 15/32 MP: 0/0
  1834 | D:2      | Noticed Natasha
  1842 | D:2      | Killed Natasha
  1843 | D:2      | Reached XP level 5. HP: 4/37 MP: 0/0
  1843 | D:2      | Learned a level 2 spell: Passwall
  1854 | D:2      | Noticed Natasha
  1881 | D:2      | Slain by a white imp

Illustrated notes

Levels and vault maps discovered:
D:1:      dpeg_arrival_radiant, layout_loops_ring,
          ebering_ecumenical_altar_abandoned
D:2:      layout_rooms, basic_altar, uniq_natasha

Skill      XL: |  1  2  3 |
---------------+----------+-----
Spellcasting   | 3 |  3.8
Fighting       | 1 |  1.3
Dodging        | |  2.4
Stealth        | |  1.8

Action                   |  1- 3 |  4- 6 || total
-------------------------+-------+-------++-------
Melee: Dagger            |       |     3 ||     3
 Cast: Foxfire           |    57 |    27 ||    84
       Scorch            |       |     4 ||     4
  Use: Potion            |       |     2 ||     2
Armor: Robe              |     2 |       ||     2
Dodge: Dodged            |     7 |     7 ||    14

Table legend: (Time is in decaauts)
 A = Elapsed time spent in this place.
 B = Non-inter-level travel time spent in this place.
 C = Inter-level travel time spent in this place.
 D = Time resting spent in this place.
 E = Time spent auto-exploring this place.
 F = Levels seen in this place.
 G = Mean time per level.
                   A        B        C        D        E       F      G
               +--------+--------+--------+--------+--------+-----+--------+
         Total |   1883 |   1868 |     15 |      0 |   1664 |   2 |  941.5 |
       Dungeon |   1883 |   1868 |     15 |      0 |   1664 |   2 |  941.5 |
               +--------+--------+--------+--------+--------+-----+--------+

Top non-repeatable levels by time:
     D:1: 1414 daAuts
     D:2: 468 daAuts
